 Dungeon Crawl Stone Soup version 0.21.1-1-g345015fe64 (webtiles) character file.

49 Htamos the Magician (level 3, 0/19 HPs)
             Began as a Deep Elf Wizard on July 13, 2018.
             Succumbed to an adder's poison
             ... on level 1 of the Dungeon.
             The game lasted 00:02:54 (954 turns).

Htamos the Magician (Deep Elf Wizard)                Turns: 954, Time: 00:02:55

Health: 0/19       AC:  4    Str:  4    XL:     3   Next: 51%
Magic:  2/12       EV: 11    Int: 23    God:
Gold:   37         SH:  0    Dex: 13    Spells: 13/14 levels left

rFire    . . .     SeeInvis .   (no weapon)
rCold    . . .     Gourm    .   (no shield)
rNeg     . . .     Faith    .   j - +0 leather armour
rPois    .         Spirit   .   g - +0 helmet
rElec    .         Reflect  .   (no cloak)
rCorr    .         Harm     .   (no gloves)
MR       .....                  (no boots)
Stlth    ++........             (no amulet)
HPRegen  0.06/turn              (no ring)
MPRegen  0.13/turn              (no ring)

@: lethally poisoned (0 -> -5), about to teleport, very slightly contaminated,
invisible
A: no striking features
a: no special abilities


You were on level 1 of the Dungeon.
You were not hungry.

You visited 1 branch of the dungeon, and saw 2 of its levels.

You collected 37 gold pieces.

Inventory:

Armour
 a - a +0 robe
 b - a +0 hat
 g - a +0 helmet (worn)
 j - a +0 leather armour (worn)
Jewellery
 f - a +6 amulet of reflection
 k - a cursed +4 ring of strength {unknown}
Scrolls
 e - a scroll of teleportation
Books
 c - a book of Minor Magic

   Spells                             Type                      Level
   a - Magic Dart                     Conjuration                  1
   b - Blink                          Translocation                2
   c - Call Imp                       Summoning                    2
   d - Slow                           Hexes                        2
   e - Conjure Flame                  Conjuration/Fire             3
   f - Mephitic Cloud                 Conjuration/Poison/Air       3
Comestibles
 d - 2 rations


   Skills:
 - Level 2.4 Dodging
 - Level 2.4 Stealth
 + Level 6.4 Spellcasting
 - Level 1.1 Conjurations
   Level 1.1 Summonings
   Level 1.1 Translocations


You had 13 spell levels left.
You knew the following spells:

 Your Spells              Type           Power        Failure   Level  Hunger
a - Magic Dart            Conj           ##..         10%         1    None


Dungeon Overview and Level Annotations

Branches:
Dungeon (2/15)

Altars:

Annotations:
D:2 Robin


Message History

The adder bites you.
* * * LOW HITPOINT WARNING * * *
The goblin closely misses you. The adder barely misses you.
It was a potion of invisibility.
You fade into invisibility!
The goblin misses you. The adder barely misses you.
The adder barely misses you. The adder bites you.
* * * LOW HITPOINT WARNING * * *
Okay, then.
As you read the scroll labeled UMYPRU ESAHUK, it crumbles to dust.
You feel strangely unstable.
It was a scroll of teleportation.
The adder bites you.
* * * LOW HITPOINT WARNING * * *
You are lethally poisoned!
The adder poisons you!
As you read the scroll labeled COEGAI QACUODGH, it crumbles to dust.
It is a scroll of identify.
f - a +6 amulet of reflection You die...

#............................
#.............)##############
#.............##
######........###
#...........## #............#
# #.....g....#.## #
#......S......###### #
#.......@..#.......######
##........##..####.......
##......###### ########
#####.######## #####.'<.#
###### #...#..#######
#....####''#####....####
####.##⌠♣#...# ####...##
#.>...#.♣#...#♣♣♣ #......


You could see an adder and a goblin.

Vanquished Creatures
  An ooze (D:1)
  A dart slug (D:1)
  2 leopard geckos
  4 bats (D:1)
  A giant cockroach (D:2)
  11 goblins
  7 hobgoblins
  2 frilled lizards (D:1)
  4 kobolds
  3 rats (D:1)
36 creatures vanquished.

Notes
Turn   | Place    | Note
-------+----------+-------------------------------------------
     0 | D:1      | Htamos the Deep Elf Wizard began the quest for the Orb.
     0 | D:1      | Reached XP level 1. HP: 10/10 MP: 7/7
    96 | D:1      | Reached skill level 5 in Spellcasting
   172 | D:1      | Reached XP level 2. HP: 15/15 MP: 6/10
   461 | D:1      | Reached XP level 3. HP: 19/19 MP: 3/12
   510 | D:1      | Reached skill level 6 in Spellcasting
   902 | D:2      | Noticed Robin
   954 | D:1      | Succumbed to an adder's poison

Skill      XL: |  1  2  3 |
---------------+----------+-----
Spellcasting   | 5 6 |  6.4
Dodging        | |  2.4
Stealth        | |  2.4
Conjurations   | |  1.1
Summonings     | |  1.1
Translocations | |  1.1

Action                   || total
-------------------------++-------
 Cast: Magic Dart        ||    86
  Use: Scroll            ||     2
       Potion            ||     1
Armor: Leather armour    ||     5
Dodge: Dodged            ||    19
